 Dungeon Crawl Stone Soup version 0.18.1-8-gdd0e5ea (webtiles) character file.

177 mrath the Digger (level 5, -2/28 HPs)
             Began as a Gargoyle Earth Elementalist on May 21, 2016.
             Slain by a giant frog (4 damage)
             ... in a sewer.
             The game lasted 00:26:57 (4630 turns).

mrath the Digger (Gargoyle Earth Elementalist)      Turns: 4630, Time: 00:26:58

Health: -2/28      AC:  7    Str: 12    XL:     5   Next: 57%
Magic:  11/11      EV: 12    Int: 16    God:
Gold:   140        SH:  0    Dex: 10    Spells: 2 memorised, 8 levels left

rFire  . . .     SeeInvis .     j - +0 mace
rCold  . . .     Gourm    .     a - +0 robe
rNeg   + . .     Faith    .     (no shield)
rPois  ∞         Spirit   .     k - +0 helmet
rElec  +         Dismiss  +     (no cloak)
rCorr  .         Reflect  .     (no gloves)
SustAt +         Harm     .     (no boots)
MR     .....                    n - amulet of dismissal
Stlth  +.........               (no ring)
                                h - ring of sustain attributes

@: not resistant to hostile enchantments, very unstealthy
A: negative energy resistance 1, electricity resistance, unbreathing,
petrification resistance, rot immunity, AC +4
a: no special abilities


You were in a sewer.
You were not hungry.

You visited 1 branch of the dungeon, and saw 4 of its levels.
You also visited: Sewer.

You collected 140 gold pieces.

Inventory:

Hand Weapons
 j - a +0 mace (weapon)
 q - a +0 trident
 A - a +0 whip of electrocution
Missiles
 b - 101 stones (quivered)
 l - 28 poisoned needles
 D - 26 sling bullets
Armour
 a - a +0 robe (worn)
 k - a +0 helmet (worn)
 s - a cursed +0 leather armour
 F - the cursed +0 helmet "Qoyk" {rN+ MR- rCorr}
   (You found it on level 4 of the Dungeon)

   It protects you from negative energy.
   It affects your resistance to hostile enchantments.
   It protects you from acid and corrosion.
   It has a curse placed upon it.
Jewellery
 h - a ring of sustain attributes (left hand)
 n - an amulet of dismissal (around neck)
Wands
 C - a wand of lightning (6/15)
Scrolls
 e - 2 scrolls of identify
 f - 2 scrolls of amnesia {unknown}
 g - a scroll of noise {unknown}
 i - a scroll of recharging {unknown}
 m - 2 scrolls of blinking {unknown}
 t - a scroll of enchant armour {unknown}
 w - 2 scrolls of fog {unknown}
 y - a scroll of magic mapping {unknown}
Potions
 o - 2 potions of flight
 p - 2 potions of brilliance
 r - a potion of haste {unknown}
 u - a potion of degeneration {unknown}
 v - a potion of berserk rage {unknown}
 x - a potion of agility {unknown}
 B - a potion of heal wounds {unknown}
Books
 c - a book of Geomancy

   Spells                             Type                      Level
   a - Sandblast                      Earth                        1
   b - Passwall                       Transmutation/Earth          2
   c - Stone Arrow                    Conjuration/Earth            3
   d - Petrify                        Transmutation/Earth          4
   e - Lee's Rapid Deconstruction     Earth                        5
Comestibles
 d - 5 bread rations
 z - 2 fruits
 E - 4 chunks of flesh


   Skills:
 - Level 1.5 Dodging
 - Level 2.1 Stealth
 * Level 4.2 Spellcasting
 + Level 1.3 Conjurations
   Level 0.7 Transmutations
 + Level 4.9 Earth Magic


You had 8 spell levels left.
You knew the following spells:

 Your Spells              Type           Power        Failure   Level  Hunger
a - Sandblast             Erth           ###...       1%          1    None
b - Stone Arrow           Conj/Erth      ##....       14%         3    ###....


Dungeon Overview and Level Annotations

Branches:
Dungeon (4/15)
 Temple: D:4-7

Altars:
Elyvilon
Gozag
Kikubaaqudgha
Makhleb
Ru
Xom
Zin
The Shining One


Innate Abilities, Weirdness & Mutations

You are resistant to torment.
Your stone body is resilient (AC +4).
You are immune to poison.
You resist negative energy.
You are resistant to electric shocks.
You can survive without breathing.
You are immune to petrification.
You are immune to rotting.


Message History

The giant frog barely misses you. The giant frog hits you.
The giant frog closely misses you. The giant frog hits you.
The giant frog hits you. The giant frog barely misses you.
The giant frog hits you but does no damage.
The giant frog misses you. The giant frog hits you.
The giant frog barely misses you. The giant frog closely misses you.
Why would you want to do that? The giant frog closely misses you.
The giant frog hits you.
* * * LOW HITPOINT WARNING * * *
The giant frog hits you but does no damage.
The giant frog barely misses you.
The giant frog hits you but does no damage.
The giant frog closely misses you. The giant frog hits you.
* * * LOW HITPOINT WARNING * * *
Your amulet of dismissal vibrates suddenly!
The giant frog disappears!
The giant frog hits you but does no damage.
The giant frog hits you.
You die...

#.≈≈≈≈≈≈≈..≈.≈≈≈≈≈# #.#
#.≈≈≈≈≈≈≈≈..≈.≈≈≈# #≈#
#.≈≈≈≈≈≈≈≈≈.≈.∩≈≈# #≈#
#.≈≈≈≈≈≈≈≈≈≈.≈≈≈≈# #≈#
#.≈≈≈≈≈≈≈≈≈≈≈≈≈≈## #≈#
#.≈≈≈≈≈≈≈≈≈≈≈≈≈≈# #≈#
#.≈≈≈.≈≈≈≈§≈≈≈≈## #≈#
#.≈≈≈.≈≈≈≈F≈≈≈########.#
#.≈≈≈≈..≈≈@≈≈≈≈≈≈≈.≈≈.≈#
#.≈≈≈≈≈≈≈≈≈≈≈≈≈≈≈≈≈≈≈≈≈#
#.≈≈≈≈≈≈≈≈≈≈≈≈≈≈≈≈≈≈≈≈.#
#..≈≈≈≈≈≈≈≈≈≈≈≈≈F≈≈≈≈≈.#
##.....≈≈≈≈.≈.≈≈.......#
#######################


You could see 2 giant frogs.

Vanquished Creatures
  8 adders
  A dart slug (D:2)
  2 giant geckos
  6 orcs
  3 ball pythons
  9 bats
  12 giant cockroaches
  10 hobgoblins
  13 jackals
  8 giant newts
  7 goblins
  3 kobolds
  6 rats
88 creatures vanquished.

Notes
Turn   | Place    | Note
--------------------------------------------------------------
     0 | D:1      | mrath the Gargoyle Earth Elementalist began the quest for the Orb.
     0 | D:1      | Reached XP level 1. HP: 10/10 MP: 3/3
   479 | D:1      | Reached XP level 2. HP: 15/15 MP: 3/5
   962 | D:2      | Found a burning altar of Makhleb.
  1179 | D:2      | Reached XP level 3. HP: 18/19 MP: 5/7
  2001 | D:2      | Reached XP level 4. HP: 24/24 MP: 8/8
  2612 | D:3      | Learned a level 3 spell: Stone Arrow
  2750 | D:3      | Found an opulent altar of Gozag.
  3230 | D:3      | Found an ancient bone altar of Kikubaaqudgha.
  3232 | D:3      | Found an opulent altar of Gozag.
  3377 | D:3      | Found a sacrificial altar of Ru.
  3379 | D:3      | Found a shimmering altar of Xom.
  3689 | D:3      | Found a white marble altar of Elyvilon.
  3689 | D:3      | Found a glowing silver altar of Zin.
  3691 | D:3      | Found a glowing golden altar of the Shining One.
  3800 | D:4      | Reached XP level 5. HP: 28/28 MP: 8/10
  3994 | D:4      | Got a faintly humming helmet
  3996 | D:4      | Found a glowing drain.
  4009 | Sewer    | Entered a sewer
  4010 | Sewer    | Identified the cursed +0 helmet "Qoyk" {rN+ MR- rCorr} (You found it on level 4 of the Dungeon)
  4494 | Sewer    | Reached skill level 1 in Conjurations
  4630 | Sewer    | Slain by a giant frog

Skill      XL: |  1  2  3  4  5 |
---------------+----------------+-----
Earth Magic    | 4 |  4.9
Spellcasting   | 3 4 |  4.2
Conjurations   | 1 |  1.3
Dodging        | |  1.5
Stealth        | |  2.1
Transmutations | |  0.7

Action                   |  1- 3 |  4- 6 || total
-------------------------+-------+-------++-------
Melee: Dagger            |    20 |       ||    20
       Mace              |    20 |   136 ||   156
Throw: Stone             |       |     1 ||     1
 Cast: Sandblast         |    51 |    70 ||   121
  Use: Scroll            |       |     5 ||     5
 Stab: Sleeping          |     1 |       ||     1
  Eat: Chunk             |     4 |     8 ||    12
       Fruit             |       |     1 ||     1
Armor: Robe              |    18 |    98 ||   116
Dodge: Dodged            |    47 |   198 ||   245
